 Dungeon Crawl Stone Soup version 0.30-a0-778-g2ef04afb54 (webtiles) character file.

Game seed: 8373969313377246092

70 BigDaddyOpFi the Sneak (level 4, -4/27 HPs)
             Began as an Octopode Earth Elementalist on Feb 16, 2023.
             Slain by Terence
             ... wielding a +0 hand axe
              (8 damage)
             ... on level 2 of the Dungeon.
             The game lasted 00:01:43 (1495 turns).

BigDaddyOpFi the Sneak (OpEE)                       Turns: 1495, Time: 00:01:44

Health: -4/27      AC:  1    Str:  7    XL:     4   Next: 21%
Magic:  2/7        EV: 10    Int: 19    God:
Gold:   35         SH:  0    Dex: 12    Spells: 4/8 levels left

rFire   . . .      SeeInvis .    b - +0 dagger
rCold   . . .      Faith    .    (no shield)
rNeg    . . .      Spirit   .    (helmet restricted)
rPois   .          Reflect  .    (no amulet)
rElec   .          Harm     .    (no ring)
rCorr   .          Rampage  .    (no ring)
Will    .....                    (no ring)
Stlth   +++                      (no ring)
HPRegen 0.24/turn                (no ring)
MPRegen 0.10/turn                (no ring)
                                 (no ring)
                                 (no ring)

@: constricted
A: almost no armour, amphibious, 8 rings, camouflage 1, gelatinous body 1,
(nimble swimmer 1), tentacles
a: no special abilities


You were on level 2 of the Dungeon.
You visited 1 branch of the dungeon, and saw 2 of its levels.

You collected 35 gold pieces.

Inventory:

Hand Weapons
 b - a +0 dagger (weapon)
Missiles
 h - a throwing net
Scrolls
 c - a scroll of acquirement {unknown}
 d - 2 scrolls of identify {unknown}
 e - 2 scrolls of immolation {unknown}
 f - a scroll of summoning {unknown}
Potions
 a - a potion of magic
 g - a potion of might
 i - a potion of curing {unknown}


   Skills:
 + Level 2.5 Dodging
 + Level 3.6 Stealth
 + Level 2.5 Spellcasting
 + Level 0.7 Conjurations
 - Level 1.5 Transmutations
 + Level 3.4 Earth Magic


You had 4 spell levels left.
You knew the following spells:

 Your Spells              Type           Power      Damage    Failure   Level
a - Sandblast             Erth           30%        2d9       4%          1
b - Stone Arrow           Conj/Erth      20%        3d8       21%         3

Your spell library contained the following spells:

 Spells                   Type           Power      Damage    Failure   Level
 Passwall                 Tmut/Erth      9%         N/A       9%          2
 Ignite Poison            Fire/Tmut/Pois 4%         N/A       36%         3
 Petrify                  Tmut/Erth      11%        N/A       50%         4
 Sticky Flame             Conj/Fire      3%         2d3       80%         4
 Ignition                 Fire           1%         3d3       100%        8


Dungeon Overview and Level Annotations

Branches:
Dungeon (2/15)

Altars:

Annotations:
D:2 Terence


Innate Abilities, Weirdness & Mutations

You cannot wear most types of armour.
You are amphibious.
You can wear up to eight rings at the same time.
Your skin changes colour to match your surroundings (Stealth+).
Your rubbery body absorbs attacks. (AC +1, EV +1)
((You are camouflaged when in or above water. (Stealth+)))
You have tentacles for arms and can constrict up to eight enemies at once.


Message History

a +0 club; a goblin corpse
Found a spear.
No target in view!
You can't see any susceptible monsters within range! (Use Z to cast anyway.) No target in view!
An endoplasm comes into view.
No target in view!
An endoplasm is nearby!
The blast of sand hits the endoplasm!
You kill the endoplasm!
You can't see any susceptible monsters within range! (Use Z to cast anyway.)
A ball python comes into view.
A ball python is nearby!
Terence the Incautious comes into view.
He is wielding a +0 hand axe and carrying a wand of flame (26).
There are monsters nearby!
A ball python comes into view.
The blast of sand hits the ball python!
You kill the ball python!
Terence shouts!
The blast of sand hits Terence!
Terence is heavily wounded.
The ball python hisses angrily.
The blast of sand hits Terence but does no damage.
Terence is heavily wounded.
Terence drinks a potion.
Terence seems to grow stronger.
The blast of sand hits Terence but does no damage.
Terence is heavily wounded.
The ball python bites you. The ball python closely misses you.
Terence zaps a wand.
The puff of flame hits you!
The blast of sand hits Terence.
Terence is heavily wounded.
The ball python barely misses you. The ball python misses you.
Terence hits you with a +0 hand axe!
* * * LOW HITPOINT WARNING * * *
The ball python bites you.
* * * LOW HITPOINT WARNING * * *
The ball python grabs you. The ball python constricts you.
* * * LOW HITPOINT WARNING * * *
Terence hits you with a +0 hand axe!
You die...

## ## ... .. #########
....##. #.......# .#.....
#.#####.#
......S######.#####.#
#....@@.........##.#
.......######.##.##.#
###.### #.##.##.# #
#.##.##.# ##+## #.......##
##...## #........#
##.....## #.##..##.# #
##.......## ##.##.#.#.# #
#.........####......#..###


You could see Terence (strong) and a ball python.

Vanquished Creatures
  Robin (D:2)
  4 ball pythons
  3 bats (D:1)
  5 endoplasms
  9 goblins (D:2)
  11 hobgoblins
  8 jackals
  A quokka (D:1)
  3 kobolds (D:1)
  4 rats
49 creatures vanquished.

Notes
Turn   | Place    | Note
-------+----------+-------------------------------------------
     0 | D:1      | BigDaddyOpFi the Octopode Earth Elementalist began the
                  | quest for the Orb.
     0 | D:1      | Reached XP level 1. HP: 11/11 MP: 3/3
   139 | D:1      | Reached XP level 2. HP: 16/17 MP: 5/5
   575 | D:1      | Reached XP level 3. HP: 21/21 MP: 4/6
   654 | D:1      | Learned a level 3 spell: Stone Arrow
  1097 | D:2      | Noticed Robin
  1136 | D:2      | Killed Robin
  1137 | D:2      | Reached XP level 4. HP: 10/27 MP: 3/7
  1488 | D:2      | Noticed Terence
  1495 | D:2      | Slain by Terence

Illustrated notes

Levels and vault maps discovered:
D:1:      dpeg_arrival_long_road, layout_loops_cross
D:2:      layout_loops_corners, chequers_serial_rivers_small_b, uniq_terence,
          uniq_robin, uniq_jessica

Skill      XL: |  1  2 |
---------------+-------+-----
Stealth        | 3 |  3.6
Dodging        | |  2.5
Spellcasting   | |  2.5
Conjurations   | |  0.7
Transmutations | |  1.5
Earth Magic    | |  3.4

Action                     |  1- 3 |  4- 6 || total
---------------------------+-------+-------++-------
  Melee: Dagger            |    50 |     7 ||    57
         Tentacles         |    11 |     1 ||    12
         Constrict         |    13 |       ||    13
         Punch             |     1 |       ||     1
   Cast: Sandblast         |    35 |    11 ||    46
    Use: Potion            |     2 |       ||     2
   Stab: Sleeping          |     2 |     1 ||     3
 Armour: Skin              |     5 |       ||     5
  Dodge: Dodged            |    61 |    12 ||    73

Table legend: (Time is in decaauts)
 A = Elapsed time spent in this place.
 B = Non-inter-level travel time spent in this place.
 C = Inter-level travel time spent in this place.
 D = Time resting spent in this place.
 E = Time spent auto-exploring this place.
 F = Levels seen in this place.
 G = Mean time per level.
                   A        B        C        D        E       F      G
               +--------+--------+--------+--------+--------+-----+--------+
         Total |   1516 |   1464 |     52 |      0 |   1176 |   2 |  758.0 |
       Dungeon |   1516 |   1464 |     52 |      0 |   1176 |   2 |  758.0 |
               +--------+--------+--------+--------+--------+-----+--------+

Top non-repeatable levels by time:
     D:1: 1083 daAuts
     D:2: 433 daAuts
